 Dungeon Crawl Stone Soup version 0.17-a0-1633-g92a3a4e (webtiles) character file.

1142 technomadic the Cleaver (level 8, -14/68 HPs)
             Began as a Minotaur Fighter on Aug 4, 2015.
             Was a Follower of Qazlal.
             Demolished by an orc warrior
             ... wielding a +0 dire flail
              (17 damage)
             ... on level 5 of the Dungeon.
             The game lasted 00:07:53 (3843 turns).

technomadic the Cleaver (Minotaur Fighter)          Turns: 3843, Time: 00:07:53

Health: -14/68     AC: 11    Str: 21    XL:     8   Next: 15%
Magic:  7/7        EV:  8    Int:  7    God:    Qazlal [*.....]
Gold:   180        SH:  2    Dex: 10    Spells: 0 memorised, 7 levels left

rFire  . . .     SeeInvis .     a - +0 battleaxe
rCold  . . .     Clarity  .     l - +1 chain mail
rNeg   . . .     SustAt   .     (no shield)
rPois  .         Gourm    .     (helmet restricted)
rElec  .         Spirit   .     (no cloak)
rCorr  .         Warding  .     (no gloves)
rMut   .         Stasis   .     (no boots)
MR     .....                    (no amulet)
Stlth  ..........               (no ring)
                                (no ring)

@: very slightly contaminated, invisible, not resistant to hostile enchantments,
extremely unstealthy
A: retaliatory headbutt, horns 2
a: Renounce Religion


You were on level 5 of the Dungeon.
You worshipped Qazlal.
Qazlal was aware of your devotion.
You were not hungry.

You visited 2 branches of the dungeon, and saw 7 of its levels.

You collected 180 gold pieces.

Inventory:

Hand weapons
 a - a +0 battleaxe (weapon)
Armour
 l - a +1 chain mail (worn)
Jewellery
 m - a +3 ring of evasion {unknown}
 n - an uncursed ring of magical power {unknown}
Magical devices
 k - a wand of digging (7)
 q - a wand of disintegration (7)
Scrolls
 f - 6 scrolls of remove curse
 g - 4 scrolls of magic mapping
 i - a scroll of immolation
Potions
 b - a potion of curing {unknown}
 c - a potion of haste {unknown}
 d - a potion of might
 h - 2 potions of agility
 p - a potion of resistance {unknown}
 r - a potion of berserk rage {unknown}
 s - 2 potions of invisibility
 v - a potion of lignification
 w - a potion of degeneration {unknown}
Comestibles
 e - 5 bread rations
 j - 2 beef jerkies
 o - 3 chunks of flesh


   Skills:
 - Level 5.0 Fighting
 + Level 9.2 Axes
 - Level 7.5 Armour
   Level 3.6 Shields


You had 7 spell levels left.
You didn't know any spells.

Dungeon Overview and Level Annotations

Branches:
Dungeon (6/15)             Temple (1/1) D:4

Altars:
Ashenzari
Cheibriados
Dithmenos
Fedhas
Kikubaaqudgha
Makhleb
Nemelex Xobeh
Okawaru
Qazlal
Ru
Sif Muna
Trog
Vehumet
Xom
Yredelemnul
The Shining One

Shops:
D:5 %


Innate Abilities, Weirdness & Mutations

You reflexively headbutt those who attack you in melee.
You have a pair of horns on your head.


Message History

You hit the orc warrior. Your headbutt misses the orc warrior.
The orc warrior is heavily wounded.
The orc warrior hits you with a dire flail!
* * * LOW HITPOINT WARNING * * *
You hit the orc warrior but do no damage.
You headbutt the orc warrior.
The orc warrior is heavily wounded.
The orc warrior hits you with a dire flail.
* * * LOW HITPOINT WARNING * * *
Drink which item? (? for menu, Esc to quit)
It was a potion of invisibility.
You fade into invisibility!
The orc warrior hits you with a dire flail!
* * * LOW HITPOINT WARNING * * *
You are very lightly contaminated with residual magic.
There is a stone staircase leading up here.
You climb upwards.
There is a stone staircase leading down here.
The orc warrior hits you with a dire flail!
You die...

#.# #.##### #.# #.#
#.####### #.# #.......#
#.###### #######.##
#.......
#####...###########.......
#..........<.........#####
####
#.###...############.#
...#####.#
##..o@....)......#
##.......#
#################
#########


You could see an orc warrior.

Vanquished Creatures
  Duvessa (D:5)
  A sky beast (D:5)
  An ogre (D:5)
  The ghost of Dredonius the Skirmisher, an average DsAK of Lugonu (D:5)
  Dowan (D:5)
  A scorpion (D:5)
  5 wights (D:3)
  3 orc priests
  A hound (D:4)
  2 giant frog skeletons (D:5)
  Jessica (D:3)
  An iguana (D:4)
  3 worker ants
  A hound skeleton (D:4)
  A worker ant zombie (D:5)
  3 adders
  An adder zombie (D:5)
  5 worms
  9 orcs
  11 goblins
  6 hobgoblins
  5 jackals
  2 quokkas
  A ball python (D:4)
  5 bats
  8 giant cockroaches
  4 giant geckos
  A giant gecko skeleton (D:5)
  3 giant newts
  3 jackal skeletons (D:4)
  8 kobolds
  A quokka skeleton (D:5)
  3 rats
103 creatures vanquished.

Notes
Turn   | Place    | Note
--------------------------------------------------------------
     0 | D:1      | technomadic the Minotaur Fighter began the quest for the Orb.
     0 | D:1      | Reached XP level 1. HP: 19/19 MP: 0/0
    21 | D:1      | Reached skill level 4 in Fighting
   111 | D:1      | Reached XP level 2. HP: 27/27 MP: 1/1
   609 | D:2      | Reached skill level 5 in Fighting
   626 | D:2      | Reached XP level 3. HP: 28/36 MP: 2/2
   645 | D:2      | Found a faded altar to an unknown god.
   871 | D:2      | Found an iron altar of Okawaru.
  1071 | D:3      | Found a blossoming altar of Fedhas.
  1125 | D:3      | Reached skill level 5 in Armour
  1125 | D:3      | Reached XP level 4. HP: 21/42 MP: 3/3
  1132 | D:3      | Reached skill level 6 in Armour
  1132 | D:3      | Reached XP level 5. HP: 19/48 MP: 4/4
  1298 | D:3      | Reached skill level 7 in Armour
  1300 | D:3      | Reached XP level 6. HP: 17/56 MP: 5/5
  1306 | D:3      | Noticed Jessica
  1308 | D:3      | Killed Jessica
  2322 | D:4      | Found a staircase to the Ecumenical Temple.
  2353 | Temple   | Entered the Ecumenical Temple
  2412 | Temple   | Became a worshipper of Qazlal Stormbringer
  2802 | D:5      | Entered Level 5 of the Dungeon
  2802 | D:5      | Noticed Duvessa
  2802 | D:5      | Noticed Dowan
  2802 | D:5      | Noticed Dredonius's ghost (average DsAK)
  2863 | D:5      | Killed Dredonius's ghost
  2863 | D:5      | Reached skill level 5 in Axes
  2863 | D:5      | Reached XP level 7. HP: 55/61 MP: 6/6
  2882 | D:5      | Killed Duvessa
  2891 | D:5      | Killed Dowan
  3154 | D:5      | Acquired Qazlal's first power
  3164 | D:5      | Found a bloodstained altar of Trog.
  3249 | D:5      | Found Lum Omiq's Food Boutique.
  3324 | D:5      | Reached skill level 8 in Axes
  3474 | D:5      | Reached XP level 8. HP: 35/68 MP: 7/7
  3651 | D:6      | Found a snail-covered altar of Cheibriados.
  3825 | D:6      | Reached skill level 9 in Axes
  3836 | D:6      | HP: 1/68 [orc warrior/dire flail (11)]
  3843 | D:5      | Demolished by an orc warrior

Vault maps used:
D:1:      tarquinn_simple_flora_water_e
D:2:      old_standard_altar, ecumenical_altar_1, minmay_bad_closet
D:3:      lemuel_crystal_altar, first_bread, uniq_jessica
D:4:      minmay_temple_entry_overgrown
D:5:      bloody_trog, serial_shops, shop, uniq_duvessa
D:6:      elyvilon_altar_1, slow_altar_1
Temple:   eino_temple_water_12

Action                   |  1- 3 |  4- 6 |  7- 9 || total
-------------------------+-------+-------+-------++-------
Melee: War axe           |    83 |    21 |       ||   104
       Battleaxe         |       |    74 |    73 ||   147
  Use: Scroll            |       |       |     9 ||     9
       Potion            |       |       |     1 ||     1
  Eat: Chunk             |     1 |     5 |     4 ||    10
